AoeStats
← Dinsomnia

African Clearing

510373110Analyzed
4v4 RM · 1d ago on Sep 30, 2026· 68m 19s· 8 players
Game mode
Random Map
Map size
Large (8 player)
Population
200
Speed
Normal
Resources
Standard
Victory
Conquest
Starting age
Dark Age
Ending age
Imperial Age
RankedLock teamsTeams togetherTeam positionsShared explorationLock speedFull tech treeHidden civsTurbo modeCheats
Victory
Defeat
🇩🇪 Dravidians · Germany
1183
+16
🇨🇴 Britons · Colombia
1145
+18
🇰🇷 Spanish · South Korea
1140
+18
🇬🇧 Lithuanians · United Kingdom
1104
+20
🇬🇧 Vietnamese · United Kingdom
1280
-22
🇲🇽 Huns · Mexico
1190
-18
🇷🇴 Danes · Romania
1161
-17
🇨🇳 Varangians · China
1121
-15
macpinetree
6:10 Loom
13:44 Feudal Age
18:36 Castle Age
17:05 Double-Bit Axe
18:19 Gold Mining
20:49 Horse Collar
26:28 Pikeman
26:42 Man-at-Arms
27:36 Fletching
28:13 Stone Mining
30:56 Ballistics
31:06 Padded Archer Armor
32:10 Wheelbarrow
32:24 Bow Saw
33:23 Wheelbarrow
35:20 Imperial Age
33:27 Wheelbarrow
32:37 Town Watch
33:36 Leather Archer Armor
34:38 Husbandry
33:59 Light Cavalry
35:33 Bodkin Arrow
35:38 Murder Holes
36:47 Conscription
38:05 Two-Man Saw
37:21 Scale Mail Armor
37:32 Forging
39:13 Chemistry
38:48 Bracer
39:54 Medical Corps
41:00 Ring Archer Armor
42:04 Elite Elephant Archer
45:44 Town Patrol
45:59 Hand Cart
48:03 Iron Casting
47:44 Chain Mail Armor
48:25 Halberdier
50:07 Thumb Ring
50:32 Man-at-Arms
50:58 Gambesons
51:13 Squires
50:59 Arson
51:17 Long Swordsman
52:54 Fortified Wall
55:53 Plate Mail Armor
56:24 Blast Furnace
56:01 Wootz Steel
56:28 Masonry
56:02 Two-Handed Swordsman
56:40 Champion
58:22 Siege Elephant
67:44 Scale Barding Armor
67:58 Elite Skirmisher
Dinsomnia
6:55 Loom
12:36 Feudal Age
13:59 Feudal Age
19:13 Castle Age
18:09 Stone Mining
19:57 Pikeman
20:36 Double-Bit Axe
23:55 Fletching
25:19 Bodkin Arrow
41:40 Bloodlines
41:31 Husbandry
42:52 Horse Collar
43:56 Wheelbarrow
46:57 Imperial Age
44:44 Gold Mining
46:02 Hand Cart
46:58 Bow Saw
47:31 Scale Barding Armor
47:37 Forging
46:58 Light Cavalry
47:50 Hussar
49:35 Chain Barding Armor
49:50 Iron Casting
51:28 Plate Barding Armor
52:24 Conscription
53:40 Town Watch
53:22 Cavalier
57:11 Paladin
58:16 Caravan
61:04 Two-Man Saw
60:10 Heavy Plow
61:45 Blast Furnace
66:19 Bracer
66:19 Padded Archer Armor
R4W
8:15 Loom
13:27 Feudal Age
24:17 Fletching
32:36 Double-Bit Axe
37:44 Castle Age
38:08 Bloodlines
42:28 Forging
42:32 Scale Barding Armor
43:09 Elite Skirmisher
43:54 Thumb Ring
43:49 Bodkin Arrow
43:54 Padded Archer Armor
45:03 Horse Collar
45:36 Husbandry
47:03 Chain Barding Armor
46:48 Light Cavalry
52:19 Imperial Age
50:33 Iron Casting
53:32 Wheelbarrow
55:10 Plate Barding Armor
55:45 Winged Hussar
58:47 Caravan
58:54 Cavalier
65:53 Paladin
Elfelo
5:33 Loom
13:58 Feudal Age
18:36 Castle Age
18:02 Gold Mining
17:59 Double-Bit Axe
19:52 Horse Collar
20:57 Bow Saw
23:10 Crossbowman
24:09 Fletching
25:09 Town Watch
27:05 Bodkin Arrow
27:11 Padded Archer Armor
29:45 Wheelbarrow
29:56 Ballistics
30:02 Town Patrol
31:48 Hand Cart
36:07 Imperial Age
34:57 Heavy Plow
36:12 Arbalester
38:43 Two-Man Saw
38:31 Gold Shaft Mining
37:47 Stone Mining
39:19 Yeomen
39:26 Masonry
38:58 Treadmill Crane
40:48 Bracer
41:03 Leather Archer Armor
41:11 Conscription
43:07 Chemistry
42:38 Architecture
42:14 Siege Engineers
44:01 Warwolf
45:50 Ring Archer Armor
49:36 Hoardings
49:08 Murder Holes
49:23 Fortified Wall
50:22 Elite Longbowman
Telepateu
9:47 Loom
12:14 Feudal Age
12:54 Double-Bit Axe
13:48 Man-at-Arms
20:58 Castle Age
19:36 Scale Mail Armor
22:07 Chain Mail Armor
22:04 Forging
22:01 Squires
21:54 Horse Collar
26:16 Bow Saw
27:49 Heavy Plow
30:24 Wheelbarrow
35:12 Hand Cart
37:07 Forging
36:36 Hamask
40:26 Gold Mining
44:03 Imperial Age
44:19 Iron Casting
44:31 Elite Varangian Guard
46:17 Blast Furnace
45:48 Plate Mail Armor
45:00 Capped Ram
47:38 Conscription
50:29 Siege Engineers
50:45 Ballistics
51:25 Chemistry
51:16 Siege Ram
55:49 Northmen's Fury
57:22 Onager
60:40 Siege Onager
Grintoid
5:03 Loom
12:13 Feudal Age
12:49 Double-Bit Axe
18:19 Wheelbarrow
17:25 Horse Collar
23:56 Castle Age
31:38 Fletching
31:51 Padded Archer Armor
46:20 Heavy Plow
51:38 Hand Cart
54:22 Gold Mining
54:22 Stone Mining
58:07 Imperial Age
55:52 Bow Saw
57:25 Stone Shaft Mining
58:02 Thumb Ring
58:20 Ballistics
58:14 Elite Rattan Archer
58:45 Elite Skirmisher
59:35 Bodkin Arrow
59:56 Leather Archer Armor
60:42 Chemistry
60:28 Paper Money
61:11 Two-Man Saw
60:31 Masonry
60:24 Bracer
60:46 Leather Archer Armor
60:04 Imperial Skirmisher
60:49 Onager
62:39 Ring Archer Armor
63:04 Pikeman
63:45 Squires
63:31 Arson
63:58 Forging
64:01 Halberdier
64:45 Scale Mail Armor
67:05 Hoardings
66:46 Chain Mail Armor
67:07 Iron Casting
67:57 Plate Mail Armor
雪舞蝶梦
3:14 Loom
13:36 Feudal Age
14:50 Bloodlines
21:29 Castle Age
21:12 Stone Mining
28:10 Fletching
29:36 Horse Collar
29:43 Double-Bit Axe
31:13 Wheelbarrow
31:04 Gold Mining
31:22 Heavy Plow
31:34 Bow Saw
32:40 Hand Cart
38:04 Ballistics
39:15 Town Watch
40:12 Husbandry
44:02 Imperial Age
42:59 Masonry
42:44 Murder Holes
42:30 Treadmill Crane
42:36 Light Cavalry
43:32 Forging
43:27 Scale Barding Armor
44:07 Elite Jarl
45:07 Conscription
48:10 Iron Casting
47:55 Chain Barding Armor
48:22 Caravan
49:36 Stone Shaft Mining
50:38 Guilds
49:54 Hussar
49:54 Cavalier
49:58 Vendel Legacy
51:27 Plate Barding Armor
51:52 Blast Furnace
50:48 Bodkin Arrow
51:28 Architecture
51:59 Chemistry
51:04 Siege Engineers
51:37 Fortified Wall
53:31 Crop Rotation
54:19 Two-Man Saw
60:06 Elite Skirmisher
60:50 Bracer
60:51 Padded Archer Armor
Queondacompa
6:42 Loom
14:51 Feudal Age
17:09 Forging
19:41 Castle Age
17:45 Town Watch
17:56 Town Watch
18:47 Wheelbarrow
21:09 Bloodlines
21:00 Husbandry
22:35 Wheelbarrow
22:03 Horse Collar
28:15 Gold Mining
28:27 Heavy Plow
28:22 Stone Mining
29:14 Scale Barding Armor
32:27 Chain Barding Armor
32:52 Fletching
33:10 Double-Bit Axe
37:58 Imperial Age
37:15 Light Cavalry
38:33 Iron Casting
39:04 Conscription
39:47 Cavalier
40:01 Hussar
43:19 Plate Barding Armor
44:22 Hand Cart
43:59 Cavalier
47:09 Blast Furnace
Connection lost

Rejoining the realm…

Still unreachable

The connection could not be restored.

Session expired

The server has moved on; the page needs a fresh start.